[Event "MCR senioru 2013 - 50"]
[Site "?"]
[Date "2013.08.21"]
[Round "5.2"]
[White "Urban, Zdenek"]
[Black "Lorenc, Oldrich"]
[Result "1-0"]
[ECO "A25"]
[WhiteElo "2124"]
[BlackElo "2137"]
[PlyCount "55"]
[TimeControl "240+2"]

1. c4 e5 2. g3 Nc6 3. Bg2 g6 4. Nc3 Bg7 5. Nf3 Nge7 6.
O-O O-O 7. Nd5 Nf5 8. e3 a5 9. d3 b6 10. Bd2 Bb7 11. Bc3 d6 12. d4 exd4 13.
exd4 Rb8 14. Qd3 Nb4 15. Bxb4 Bxd5 16. Bc3 Bb7 17. d5 Re8 18. Rfe1 h5 19. Rxe8+
Qxe8 20. Re1 Qf8 21. Bh3 Bc8 22. Ng5 Bxc3 23. Qxc3 Ng7 24. Bxc8 Rxc8 25. Ne4
Ne8 26. Qf3 Qg7 27. Ng5 f6 28. Qe4 1-0